 Dungeon Crawl Stone Soup version bcrawl-1.18.1 (webtiles) character file.

Game seed: 13055547632309356950

3492 Freyura the Blocker (level 10, -4/82 HPs)
             Began as a Gnoll Fighter on Nov 10, 2019.
             Slain by a two-headed ogre
             ... wielding a +0 giant spiked club
              (7 damage)
             ... on level 5 of the Dungeon.
             The game lasted 00:12:40 (4033 turns).

Freyura the Blocker (Gnoll Fighter)                 Turns: 4033, Time: 00:12:41

Health: -4/82      AC: 11    Str: 20    XL:     10   Next: 7%
Magic:  15/18      EV: 13    Int: 15    God:
Gold:   258        SH:  0    Dex: 17    Spells: 20/20 levels left

rFire    x . .     SeeInvis .   e - +0 dire flail (holy)
rCold    + . .     Gourm    .   (shield currently unavailable)
rNeg     . . .     Faith    .   b - +0 scale mail
rPois    .         Spirit   .   (no helmet)
rElec    .         Reflect  .   (no cloak)
rCorr    .         Harm     .   u - +0 pair of gloves
MR       .....                  t - +0 pair of boots
Stlth    ++++......             (no amulet)
HPRegen  0.23/turn              l - ring of ice
MPRegen  0.16/turn              r - ring of stealth

@: brilliant, swift, flying, hasted, very quick
A: distributed training, fangs 1, strong nose
a: no special abilities


You were on level 5 of the Dungeon.
You were not hungry.

You visited 1 branch of the dungeon, and saw 5 of its levels.

You collected 333 gold pieces.
You spent 75 gold pieces at shops.

Inventory:

Hand Weapons
 a - a +0 flail
 e - a +0 dire flail of holy wrath (weapon)
 x - a cursed -2 great mace
Armour
 b - a +0 scale mail (worn)
 c - a +0 shield
 t - a +0 pair of boots (worn)
 u - a +0 pair of gloves (worn)
Jewellery
 l - a ring of ice (left hand)
 r - a ring of stealth (right hand)
 v - an uncursed ring of resist corrosion {unknown}
Scrolls
 j - 6 scrolls of remove curse
 k - 2 scrolls of teleportation
 n - 2 scrolls of magic mapping
 p - 3 scrolls of identify
 s - a scroll of immolation
 y - a scroll of noise {unknown}
Potions
 g - a potion of resistance
 h - a potion of agility {unknown}
 i - a potion of brilliance
Comestibles
 f - 4 rations {!d}


   Skills:
 + Level 8.8 Fighting
 + Level 5.7 Short Blades
 + Level 5.7 Long Blades
 + Level 5.7 Axes
 + Level 7.4 Maces & Flails
 + Level 5.7 Polearms
 + Level 5.7 Staves
 + Level 5.7 Slings
 + Level 5.7 Bows
 + Level 5.7 Crossbows
 + Level 5.7 Throwing
 + Level 8.8 Armour
 + Level 5.7 Dodging
 + Level 5.7 Stealth
 + Level 8.8 Shields
 + Level 5.7 Unarmed Combat
 + Level 5.7 Spellcasting
 + Level 4.7 Conjurations
 + Level 4.7 Hexes
 + Level 4.7 Charms
 + Level 4.7 Summonings
 + Level 4.7 Necromancy
 + Level 4.7 Translocations
 + Level 4.7 Transmutations
 + Level 4.7 Fire Magic
 + Level 4.7 Ice Magic
 + Level 4.7 Air Magic
 + Level 4.7 Earth Magic
 + Level 4.7 Poison Magic
 + Level 6.2 Invocations
 + Level 5.7 Evocations


You had 20 spell levels left.
You didn't know any spells.
Your spell library was empty.

Dungeon Overview and Level Annotations

Branches:
Dungeon (5/12)
 Temple: D:4-7

Altars:

Shops:
D:4 *   D:5 ?(?


Innate Abilities, Weirdness & Mutations

Your experience applies equally to all skills.
You have very sharp teeth.
Your uncanny sense of smell can sniff out nearby items.


Message History

The two-headed ogre is heavily wounded.
You barely miss the two-headed ogre. You bite the two-headed ogre.
The two-headed ogre is heavily wounded.
The two-headed ogre closely misses you. x2
You hit the two-headed ogre.
The two-headed ogre is heavily wounded.
The two-headed ogre hits you but does no damage. x2
You hit the two-headed ogre but do no damage.
Your bite misses the two-headed ogre.
The two-headed ogre is heavily wounded.
The crimson imp blinks!
You sock the two-headed ogre! You bite the two-headed ogre.
The two-headed ogre is severely wounded.
You hit the two-headed ogre but do no damage.
The two-headed ogre is severely wounded.
The crimson imp blinks!
The two-headed ogre hits you with a +0 giant spiked club!
* * * LOW HITPOINT WARNING * * *
The two-headed ogre hits you with a +0 giant club!
You die...

?. ##########.. ∆
#...........
+........... ∆
#†..........
#.@.......######
#§O.......#....#
####.........#....#
.............#....#
......§.......#...##
......>.......#...#
........5.....#...#
............).#...#
.....######'###...#


You could see a two-headed ogre and a crimson imp.

Vanquished Creatures
  Pikel (D:5)
  Sigmund (D:4)
  Edmund (D:4)
  A sky beast (D:5)
  A necrophage (D:5)
  An ogre (D:5)
  2 scorpions (D:5)
  A howler monkey (D:5)
  5 crimson imps
  A bullfrog zombie (D:5)
  2 centaur skeletons
  An orc wizard (D:4)
  2 iguanas
  6 worker ants
  A hound skeleton (D:4)
  8 adders
  An adder zombie (D:4)
  4 worms
  3 dart slugs
  3 leopard geckos
  8 orcs
  A ball python (D:1)
  4 giant cockroaches
  4 goblins
  7 hobgoblins
  2 quokkas
  A ball python skeleton (D:2)
  3 bats
  7 frilled lizards
  A giant cockroach zombie (D:2)
  8 kobolds
  5 rats
97 creatures vanquished.

Vanquished Creatures (others)
  A slave (D:5)
1 creature vanquished.

Grand Total: 98 creatures vanquished

Notes
Turn   | Place    | Note
-------+----------+-------------------------------------------
     0 | D:1      | Freyura the Gnoll Fighter began the quest for the Orb.
     0 | D:1      | Reached XP level 1. HP: 23/23 MP: 1/1
    98 | D:1      | Reached XP level 2. HP: 26/29 MP: 2/2
   907 | D:2      | Reached XP level 3. HP: 31/35 MP: 3/3
  1023 | D:2      | Reached skill level 1 in Short Blades
  1023 | D:2      | Reached skill level 1 in Long Blades
  1023 | D:2      | Reached skill level 1 in Axes
  1023 | D:2      | Reached skill level 1 in Polearms
  1023 | D:2      | Reached skill level 1 in Staves
  1023 | D:2      | Reached skill level 1 in Slings
  1023 | D:2      | Reached skill level 1 in Bows
  1023 | D:2      | Reached skill level 1 in Crossbows
  1023 | D:2      | Reached skill level 1 in Throwing
  1023 | D:2      | Reached skill level 1 in Dodging
  1023 | D:2      | Reached skill level 1 in Stealth
  1023 | D:2      | Reached skill level 1 in Unarmed Combat
  1023 | D:2      | Reached skill level 1 in Spellcasting
  1023 | D:2      | Reached skill level 1 in Invocations
  1023 | D:2      | Reached skill level 1 in Evocations
  1055 | D:2      | Reached XP level 4. HP: 41/41 MP: 5/5
  1637 | D:3      | Reached skill level 1 in Conjurations
  1637 | D:3      | Reached skill level 1 in Hexes
  1637 | D:3      | Reached skill level 1 in Charms
  1637 | D:3      | Reached skill level 1 in Summonings
  1637 | D:3      | Reached skill level 1 in Necromancy
  1637 | D:3      | Reached skill level 1 in Translocations
  1637 | D:3      | Reached skill level 1 in Transmutations
  1637 | D:3      | Reached skill level 1 in Fire Magic
  1637 | D:3      | Reached skill level 1 in Ice Magic
  1637 | D:3      | Reached skill level 1 in Air Magic
  1637 | D:3      | Reached skill level 1 in Earth Magic
  1637 | D:3      | Reached skill level 1 in Poison Magic
  1811 | D:3      | Reached XP level 5. HP: 46/47 MP: 5/7
  2387 | D:4      | Reached XP level 6. HP: 49/53 MP: 8/8
  2584 | D:4      | Noticed Sigmund
  2603 | D:4      | Killed Sigmund
  2603 | D:4      | Reached skill level 5 in Maces & Flails
  2603 | D:4      | Reached XP level 7. HP: 53/59 MP: 8/10
  2626 | D:4      | Noticed Edmund
  2662 | D:4      | Killed Edmund
  2900 | D:4      | Found Deamuirch's General Store.
  2942 | D:4      | Bought a +0 pair of gloves for 49 gold pieces
  3239 | D:5      | Entered Level 5 of the Dungeon
  3299 | D:5      | Found Hogeol's Magic Scroll Shop.
  3317 | D:5      | Reached XP level 8. HP: 67/67 MP: 10/12
  3467 | D:5      | Bought a scroll of identify for 26 gold pieces
  3573 | D:5      | Found Vuusosh's Weapon Shoppe.
  3595 | D:5      | Noticed Pikel
  3601 | D:5      | Found Haniuck's Magic Scroll Emporium.
  3618 | D:5      | Killed Pikel
  3840 | D:5      | Reached XP level 9. HP: 72/72 MP: 14/14
  4006 | D:5      | Noticed a two-headed ogre
  4022 | D:5      | HP: 3/72 [two-headed ogre/+0 giant spiked club (9)]
  4023 | D:5      | Reached skill level 5 in Short Blades
  4023 | D:5      | Reached skill level 5 in Long Blades
  4023 | D:5      | Reached skill level 5 in Axes
  4023 | D:5      | Reached skill level 5 in Polearms
  4023 | D:5      | Reached skill level 5 in Staves
  4023 | D:5      | Reached skill level 5 in Slings
  4023 | D:5      | Reached skill level 5 in Bows
  4023 | D:5      | Reached skill level 5 in Crossbows
  4023 | D:5      | Reached skill level 5 in Throwing
  4023 | D:5      | Reached skill level 5 in Dodging
  4023 | D:5      | Reached skill level 5 in Stealth
  4023 | D:5      | Reached skill level 5 in Unarmed Combat
  4023 | D:5      | Reached skill level 5 in Spellcasting
  4023 | D:5      | Reached skill level 5 in Evocations
  4023 | D:5      | Reached XP level 10. HP: 4/82 MP: 14/18
  4033 | D:5      | HP: 3/82 [two-headed ogre/+0 giant spiked club (13)]
  4033 | D:5      | Slain by a two-headed ogre

Skill      XL: |  1  2  3  4  5  6  7  8  9 |
---------------+----------------------------+-----
Short Blades   | 1 2 3 5 |  5.7
Long Blades    | 1 2 3 5 |  5.7
Axes           | 1 2 3 5 |  5.7
Polearms       | 1 2 3 5 |  5.7
Staves         | 1 2 3 5 |  5.7
Slings         | 1 2 3 5 |  5.7
Bows           | 1 2 3 5 |  5.7
Crossbows      | 1 2 3 5 |  5.7
Throwing       | 1 2 3 5 |  5.7
Dodging        | 1 2 3 5 |  5.7
Stealth        | 1 2 3 5 |  5.7
Unarmed Combat | 1 2 3 5 |  5.7
Spellcasting   | 1 2 3 5 |  5.7
Invocations    | 1 2 3 4 6 |  6.2
Evocations     | 1 2 3 5 |  5.7
Conjurations   | 1 2 3 4 |  4.7
Hexes          | 1 2 3 4 |  4.7
Charms         | 1 2 3 4 |  4.7
Summonings     | 1 2 3 4 |  4.7
Necromancy     | 1 2 3 4 |  4.7
Translocations | 1 2 3 4 |  4.7
Transmutations | 1 2 3 4 |  4.7
Fire Magic     | 1 2 3 4 |  4.7
Ice Magic      | 1 2 3 4 |  4.7
Air Magic      | 1 2 3 4 |  4.7
Earth Magic    | 1 2 3 4 |  4.7
Poison Magic   | 1 2 3 4 |  4.7
Maces & Flails | 5 7 |  7.4
Fighting       | 7 8 |  8.8
Armour         | 7 8 |  8.8
Shields        | 7 8 |  8.8

Action                   |  1- 3 |  4- 6 |  7- 9 | 10-12 || total
-------------------------+-------+-------+-------+-------++-------
Melee: Flail             |    80 |   144 |    23 |       ||   247
       Bite              |    10 |    16 |    19 |     3 ||    48
       Dire flail        |       |       |   123 |     9 ||   132
  Use: Scroll            |       |     6 |       |       ||     6
       Potion            |       |     3 |     4 |     1 ||     8
 Stab: Invisible         |       |     3 |       |       ||     3
       Sleeping          |       |     2 |     4 |       ||     6
  Eat: Chunk             |     1 |     1 |     5 |       ||     7
       Ration            |       |     1 |       |       ||     1
Armor: Scale mail        |    27 |    49 |    58 |     3 ||   137
Dodge: Dodged            |    25 |    41 |    93 |     4 ||   163
Block: Shield            |    41 |    81 |    14 |       ||   136
